 Dungeon Crawl Stone Soup version 0.31-a0-145-g046c7d2549 (webtiles) character file.

Game seed: 8539209208797969990

2830 jlumianski the Destroyer (level 9, -5/64 HPs)
             Began as a Demigod Conjurer on June 4, 2023.
             Slain by a centaur warrior (10 damage)
             ... on level 8 of the Dungeon.
             The game lasted 01:01:05 (8516 turns).

jlumianski the Destroyer (Demigod Conjurer)         Turns: 8516, Time: 01:01:07

Health: -5/64      AC:  8    Str:  8    XL:     9   Next: 22%
Magic:  7/22       EV: 19    Int: 34    God:
Gold:   32         SH:  0    Dex: 18    Spells: 5/21 levels left

rFire   . . .        Q - +4 dagger of Isaorghe {freeze, rC++ Int+2}
rCold   + + .        (no shield)
rNeg    . . .        N - +2 robe {Will+}
rPois   .            (no helmet)
rElec   .            (no cloak)
rCorr   .            i - +2 pair of gloves
SInv    .            H - +0 pair of boots
Will    +....        d - amulet of regeneration
Stlth   +++          l - +5 ring of evasion
HPRegen 1.10/turn    G - +6 ring of dexterity
MPRegen 0.18/turn

%: no passive effects
@: studying Armour
A: high MP 1, forlorn, divine attributes
a: no special abilities


You were on level 8 of the Dungeon.
You visited 1 branch of the dungeon, and saw 9 of its levels.

You collected 345 gold pieces.
You spent 313 gold pieces at shops.

Inventory:

Hand Weapons
 u - a +0 dagger
 w - a +0 short sword
 C - a +5 flail of protection
 Q - the +4 dagger of Isaorghe (weapon) {freeze, rC++ Int+2}
   (You bought it in a shop on level 4 of the Dungeon)

   Int:       It affects your intelligence (+2).
   rC:        It greatly protects you from cold.
Missiles
 c - 83 stones
 A - 17 poisoned darts (quivered)
 B - 4 javelins
 I - 4 boomerangs
Armour
 a - a +0 robe
 i - a +2 pair of gloves (worn)
 m - a +0 ring mail
 t - a +3 ring mail
 H - a +0 pair of boots (worn)
 N - a +2 robe of willpower (worn)
 P - a +0 robe of fire resistance
Magical Staves
 s - a staff of air
 D - a staff of earth
 O - a staff of death
Jewellery
 d - an amulet of regeneration (around neck)
 l - a +5 ring of evasion (left hand)
 G - a +6 ring of dexterity (right hand)
Wands
 o - a wand of light (3)
Scrolls
 e - a scroll of butterflies
 f - a scroll of magic mapping
 j - 2 scrolls of torment
 k - 6 scrolls of teleportation
 q - 2 scrolls of noise
 r - 4 scrolls of blinking
 y - a scroll of enchant weapon
 z - a scroll of fear
 E - a scroll of acquirement {unknown}
 F - a scroll of poison {unknown}
 K - a scroll of vulnerability {unknown}
 L - a scroll of silence {unknown}
Potions
 b - a potion of brilliance
 g - 3 potions of curing
 h - a potion of attraction
 n - a potion of cancellation
 p - 2 potions of mutation
 v - a potion of invisibility
 x - a potion of might
 J - 2 potions of resistance
 M - a potion of degeneration
 R - a potion of enlightenment {unknown}


   Skills:
 - Level 1.3 Fighting
 - Level 0.2 Short Blades
 - Level 2.1 Staves
 - Level 1.1 Armour
 + Level 4.9 Dodging
 + Level 4.0 Stealth
 + Level 6.5 Spellcasting
 + Level 8.1 Conjurations


You had 5 spell levels left.
You knew the following spells:

 Your Spells              Type           Power      Damage    Failure   Level
a - Magic Dart            Conj           100%       1d8       1%          1
b - Searing Ray           Conj           100%       2d8       1%          2
c - Dazzling Flash        Conj/Hex       76%        N/A       2%          3
d - Iskenderun's Mystic   Conj/Tloc      38%        2d9       7%          4
e - Ozocubu's Armour      Ice            11%        N/A       12%         3
f - Volatile Blastmotes   Fire/Tloc      22%        2d11      12%         3

Your spell library contained the following spells:

 Spells                   Type           Power      Damage    Failure   Level
 Fulminant Prism          Conj/Hex       19%        3d10      7%          4
 Animate Dead             Necr           11%        N/A       36%         4
 Agony                    Necr           11%        N/A       71%         5
 Borgnjor's Vile Clutch   Necr/Erth      5%         N/A       71%         5
 Silence                  Hex/Air        5%         N/A       71%         5
 Starburst                Conj/Fire      19%        6d7       73%         6
 Death Channel            Necr           5%         N/A       99%         6
 Simulacrum               Ice/Necr       5%         N/A       99%         6
 Ozocubu's Refrigeration  Ice            5%         4d8       100%        7
 Polar Vortex             Ice            5%         N/A       100%        9


Dungeon Overview and Level Annotations

Branches:
Dungeon (9/15)             Temple (0/1) D:6
   Lair: D:8-11         Orc: D:9-12

Shops:
D:3 :   D:4 (?

Annotations:
D:3 3 runed translucent doors, TrollFarmer's ghost, weakling DECj


Innate Abilities, Weirdness & Mutations

You have an increased reservoir of magic. (+10% MP)
You shall have no god before yourself.
Your divine heritage dramatically boosts your attributes as you level up.


Message History

* * * LOW HITPOINT WARNING * * *
The centaur warrior closely misses you.
You feel better. The centaur warrior misses you.
The centaur warrior kicks you but does no damage.
Aiming: Bolt of Light
Press: ? - help, Shift-Dir - straight line, f/p - centaur warrior
Aim: a centaur warrior (severely wounded, 79% to hit)
The bolt of light hits the centaur warrior!
The centaur warrior is almost dead.
The centaur warrior is blinded.
The centaur warrior completely misses you.
The centaur warrior closely misses you.
The centaur warrior hits you but does no damage.
The centaur warrior kicks you.
* * * LOW HITPOINT WARNING * * *
You hit the centaur warrior but do no damage.
The centaur warrior is almost dead.
The centaur warrior hits you.
* * * LOW HITPOINT WARNING * * *
The centaur warrior closely misses you.
You catch the helpless centaur warrior completely off-guard!
You puncture the centaur warrior! You freeze the centaur warrior.
The centaur warrior is almost dead.
The centaur warrior closely misses you. x3; The centaur warrior misses you.
You closely miss the centaur warrior.
The centaur warrior is almost dead.
The centaur warrior completely misses you.
The centaur warrior closely misses you.
You closely miss the centaur warrior.
The centaur warrior is almost dead.
The centaur warrior hits you!
* * * LOW HITPOINT WARNING * * *
The centaur warrior barely misses you.
You hit the centaur warrior but do no damage.
The centaur warrior is almost dead.
The centaur warrior hits you.
* * * LOW HITPOINT WARNING * * *
The centaur warrior kicks you but does no damage.
The centaur warrior hits you!
You die...

# # ##. .## ..#
#.. # #.. ..# .##
. ..# #)# #.. .
#.# #.#.# #.# .##
...###†###[# #..
#..#@#.#.# #.#
......c###)###..#
.#####..#...#..y#
####...###.###..#
...............#
######..#######
#.## #.# #.#


You could see a centaur warrior (blind).

Vanquished Creatures
  Grinder (D:3)
  A steam dragon (D:7)
  A vampire mosquito (D:8)
  Edmund (D:5)
  A water moccasin (D:7)
  An ice beast (D:7)
  2 black bears (D:6)
  3 sky beasts
  An ogre (D:5)
  A centaur (D:8)
  A phantom (D:5)
  3 bullfrogs
  A scorpion (D:6)
  5 wights
  3 hounds
  2 jellies
  3 orc priests
  A sleepcap (D:4)
  4 iguanas
  11 orc wizards
  2 gnolls
  8 adders
  2 shadow imps
  3 worms
  3 dart slugs
  21 orcs
  4 endoplasms
  3 giant cockroaches
  10 goblins
  12 hobgoblins
  6 jackals
  5 kobolds
  A quokka (D:4)
  7 ball pythons
  2 bats
  6 rats
142 creatures vanquished.

Notes
Turn   | Place    | Note
-------+----------+-------------------------------------------
     0 | D:1      | jlumianski the Demigod Conjurer began the quest for the
                  | Orb.
     0 | D:1      | Reached XP level 1. HP: 14/14 MP: 5/5
   291 | D:2      | Reached skill level 4 in Conjurations
   316 | D:2      | Reached XP level 2. HP: 20/20 MP: 2/7
   319 | D:2      | Learned a level 2 spell: Searing Ray
   542 | D:3      | Found Wuwopry's Book Shoppe.
   604 | D:3      | Reached XP level 3. HP: 24/26 MP: 0/8
  1033 | D:3      | Found a runed translucent gate.
  1035 | D:3      | Found a runed translucent gate.
  1036 | D:3      | Found a runed translucent gate.
  1039 | D:3      | Noticed TrollFarmer's ghost (weakling DECj)
  1444 | D:2      | Reached XP level 4. HP: 33/33 MP: 4/10
  1555 | D:2      | Reached skill level 5 in Conjurations
  2840 | D:3      | Reached XP level 5. HP: 38/38 MP: 6/11
  2938 | D:4      | Reached skill level 1 in Armour
  3388 | D:5      | Entered Level 5 of the Dungeon
  3388 | D:5      | Noticed Edmund
  3410 | D:5      | Killed Edmund
  3411 | D:5      | Reached XP level 6. HP: 29/46 MP: 2/14
  3415 | D:5      | Learned a level 3 spell: Dazzling Flash
  3509 | D:4      | Found Wifal's Antique Weapon Boutique.
  3635 | D:4      | Noticed Grinder
  3709 | D:4      | Found Ymmecukh's Magic Scroll Emporium.
  3717 | D:4      | Bought a scroll of enchant armour for 75 gold pieces
  3717 | D:4      | Bought a scroll of identify for 20 gold pieces
  3717 | D:4      | Bought a scroll of identify for 20 gold pieces
  3717 | D:4      | Bought a scroll of teleportation for 30 gold pieces
  4536 | D:5      | Reached skill level 1 in Staves
  4605 | D:5      | Reached skill level 1 in Fighting
  4741 | D:5      | Reached XP level 7. HP: 52/52 MP: 8/16
  5015 | D:4      | Paralysed by Grinder for 4 turns
  5024 | D:3      | Killed Grinder
  5025 | D:3      | Reached skill level 6 in Conjurations
  5499 | D:6      | Found a staircase to the Ecumenical Temple.
  5775 | D:6      | Reached XP level 8. HP: 59/59 MP: 9/18
  6058 | D:6      | Reached skill level 5 in Spellcasting
  6271 | D:6      | Reached skill level 7 in Conjurations
  6663 | D:6      | Learned a level 4 spell: Iskenderun's Mystic Blast
  7688 | D:4      | Bought a sapphire dagger for 168 gold pieces
  7688 | D:4      | Identified the +4 dagger of Isaorghe {freeze, rC++ Int+2}
                  | (You bought it in a shop on level 4 of the Dungeon)
  7913 | D:7      | Reached XP level 9. HP: 64/64 MP: 15/22
  7919 | D:7      | Learned a level 3 spell: Ozocubu's Armour
  7923 | D:7      | Learned a level 3 spell: Volatile Blastmotes
  8491 | D:8      | Reached skill level 8 in Conjurations
  8491 | D:8      | Noticed a centaur warrior
  8509 | D:8      | HP: 3/64 [centaur warrior (11)]
  8516 | D:8      | Slain by a centaur warrior

Illustrated notes

Levels and vault maps discovered:
D:1:      dpeg_arrival_tiny_e, layout_loops_ring,
          shapermc_ecumenical_altar_totnotflames
D:2:      layout_loops_ring, basic_altar
D:3:      layout_loops_cross, serial_shops, nicolae_shop_tiny_waterfront,
          ebering_ghost_gozag
D:4:      corexii_shantytown, layout_basic, serial_shops, shop_statue,
          interstate_on_off, nicolae_take_the_stairs, minivault_23, uniq_grinder
D:5:      layout_loops_cross, minmay_overflow_temple_hex, nrook_loot_triangle,
          uniq_edmund
D:6:      minmay_flawed_box, layout_gridville, minmay_temple_entry_ruins
D:7:      layout_loops_corners, hangedman_ru_absence
D:8:      statuecave_lemuel, layout_loops_corners, mainiacjoe_overflow_alcove_2,
          gammafunk_temple_overflow_wave, minmay_fountain_box,
          minmay_manual_mail
D:9:      layout_irregular_city

Skill      XL: |  1  2  3  4  5  6  7  8  9 |
---------------+----------------------------+-----
Conjurations   | 4 5 6 7 8 |  8.1
Spellcasting   | 2 3 4 6 |  6.5
Stealth        | 2 3 4 |  4.0
Dodging        | 2 3 4 |  4.9
Armour         | 1 |  1.1
Staves         | 1 2 |  2.1
Fighting       | 1 |  1.3
Short Blades   | |  0.2

Action                     |  1- 3 |  4- 6 |  7- 9 || total
---------------------------+-------+-------+-------++-------
  Melee: Unarmed           |     1 |       |       ||     1
         Staff             |       |    18 |     4 ||    22
         Short sword       |       |    12 |       ||    12
         Punch             |       |     1 |       ||     1
         Dagger            |       |       |    15 ||    15
   Cast: Magic Dart        |    80 |    82 |    71 ||   233
         Searing Ray       |       |    17 |    44 ||    61
  Evoke: Wand              |       |       |     1 ||     1
    Use: Scroll            |     1 |     9 |     4 ||    14
         Potion            |       |     5 |     3 ||     8
   Stab: Sleeping          |       |       |     2 ||     2
         Invisible         |       |       |     1 ||     1
 Armour: Robe              |     2 |       |    27 ||    29
         Ring mail         |    12 |    41 |    24 ||    77
  Dodge: Dodged            |    15 |    75 |   134 ||   224

Table legend: (Time is in decaauts)
 A = Elapsed time spent in this place.
 B = Non-inter-level travel time spent in this place.
 C = Inter-level travel time spent in this place.
 D = Time resting spent in this place.
 E = Time spent auto-exploring this place.
 F = Levels seen in this place.
 G = Mean time per level.
                   A        B        C        D        E       F      G
               +--------+--------+--------+--------+--------+-----+--------+
         Total |   8539 |   8161 |    378 |    778 |   4898 |   9 |  948.8 |
       Dungeon |   8539 |   8161 |    378 |    778 |   4898 |   9 |  948.8 |
               +--------+--------+--------+--------+--------+-----+--------+

Top non-repeatable levels by time:
     D:6: 1532 daAuts
     D:4: 1495 daAuts
     D:3: 1449 daAuts
     D:7: 1319 daAuts
     D:5: 1116 daAuts
     D:2: 1097 daAuts
     D:8: 268 daAuts
     D:1: 258 daAuts
     D:9: 1 daAuts
